AoeStats
← Elgato8153

Arena

509479270Analyzed
1v1 RM · 5d ago on Sep 26, 2026· 62m 49s· 2 players
Game mode
Random Map
Map size
Tiny (2 player)
Population
200
Speed
Normal
Resources
Standard
Victory
Conquest
Starting age
Dark Age
Ending age
Imperial Age
RankedLock teamsTeams togetherTeam positionsShared explorationLock speedFull tech treeHidden civsTurbo modeCheats
Victory
Defeat
🇹🇼 Dravidians · Taiwan
884
+17
🇪🇸 Wei · Spain
912
-17
若子熙
10:39 Feudal Age
15:45 Castle Age
13:49 Horse Collar
14:33 Gold Mining
16:15 Forging
17:48 Pikeman
18:23 Double-Bit Axe
19:41 Squires
21:55 Bow Saw
28:15 Stone Mining
31:16 Imperial Age
29:28 Wheelbarrow
28:56 Heavy Plow
29:04 Scale Mail Armor
28:30 Elite Skirmisher
29:20 Fletching
30:50 Bodkin Arrow
30:57 Padded Archer Armor
32:00 Bracer
32:35 Iron Casting
31:26 Halberdier
32:55 Chain Mail Armor
32:55 Leather Archer Armor
34:33 Two-Man Saw
34:19 Thumb Ring
35:16 Blast Furnace
38:56 Ring Archer Armor
38:50 Ballistics
39:31 Chemistry
39:53 Hand Cart
40:15 Conscription
41:46 Guilds
42:41 Wootz Steel
42:30 Gambesons
42:31 Arson
46:57 Plate Mail Armor
46:42 Masonry
50:33 Fortified Wall
50:15 Man-at-Arms
51:04 Scale Barding Armor
51:47 Long Swordsman
57:57 Two-Handed Swordsman
60:33 Wootz Steel
60:03 Siege Elephant
61:50 Hoardings
60:50 Champion
63:11 Murder Holes
Elgato8153
8:07 Loom
10:46 Feudal Age
12:09 Double-Bit Axe
16:10 Castle Age
15:46 Wheelbarrow
16:11 Wheelbarrow
17:33 Bow Saw
19:01 Horse Collar
20:06 Heavy Plow
20:03 Town Watch
20:32 Gold Mining
20:38 Stone Mining
23:14 Hand Cart
23:28 Fervor
23:26 Town Patrol
26:50 Gold Shaft Mining
27:09 Stone Shaft Mining
28:05 Padded Archer Armor
27:55 Fletching
28:56 Gold Shaft Mining
29:27 Leather Archer Armor
29:19 Scale Barding Armor
29:47 Bodkin Arrow
30:31 Tuntian
30:40 Thumb Ring
31:20 Ballistics
31:11 Masonry
33:41 Imperial Age
32:15 Chain Barding Armor
32:06 Forging
31:55 Murder Holes
33:28 Scale Mail Armor
34:33 Chain Mail Armor
34:22 Bracer
34:53 Ring Archer Armor
34:59 Iron Casting
35:34 Parthian Tactics
35:34 Conscription
36:00 Ming Guang Armor
36:30 Crop Rotation
37:27 Blast Furnace
37:51 Elite Tiger Cavalry
43:28 Chemistry
42:41 Fortified Wall
44:17 Treadmill Crane
48:41 Guard Tower
49:20 Block Printing
54:18 Hoardings
59:03 Elite Skirmisher
59:37 Pikeman
60:17 Squires
60:02 Arson
60:07 Halberdier
Connection lost

Rejoining the realm…

Still unreachable

The connection could not be restored.

Session expired

The server has moved on; the page needs a fresh start.